 Seeded DCSS version 0.30-a0-394-g3e4acdb0ae (webtiles) character file.

Game seed: 8008135 (custom seed)

35 McGhostyFace the Magician (level 3, 35/35 HPs)
             Began as a Gnoll Wanderer on Dec 7, 2022.
             Was a Follower of the Shining One.
             Quit the game on level 2 of the Dungeon.
             The game lasted 00:02:25 (1486 turns).

McGhostyFace the Magician (Gnoll Wanderer)          Turns: 1486, Time: 00:02:26

Health: 35/35      AC:  4    Str: 11    XL:     3   Next: 33%
Magic:  11/11      EV: 11    Int: 15    God:    the Shining One [*.....]
Gold:   31         SH:  0    Dex:  9    Spells: 16/16 levels left

rFire   . . .      SeeInvis .    g - +1 mace (protect)
rCold   . . .      Faith    .    (no shield)
rNeg    . . .      Spirit   .    f - +0 leather armour
rPois   .          Reflect  .    (no helmet)
rElec   .          Harm     .    b - +0 cloak
rCorr   .          Rampage  .    (no gloves)
Will    .....                    (no boots)
Stlth   +.........               (no amulet)
HPRegen 0.25/turn                (no ring)
MPRegen 0.12/turn                (no ring)

@: glowing
A: fangs 1, strong nose, distributed training
a: Renounce Religion, Divine Shield


You were on level 2 of the Dungeon.
You worshipped the Shining One.
The Shining One was aware of your devotion.
You visited 1 branch of the dungeon, and saw 2 of its levels.

You collected 31 gold pieces.

Inventory:

Hand Weapons
 a - a +0 club
 g - a +1 mace of protection (weapon)
Missiles
 l - 6 atropa-tipped darts (quivered)
Armour
 b - a +0 cloak (worn)
 f - a +0 leather armour (worn)
Wands
 n - a wand of acid (8)
Scrolls
 c - a scroll of fear
 h - a scroll of amnesia {unknown}
 k - a scroll of magic mapping {unknown}
 o - a scroll of enchant armour {unknown}
Potions
 d - 2 potions of brilliance {unknown}
 e - a potion of attraction
 i - a potion of mutation {unknown}
 j - 4 potions of lignification {unknown}
 m - 2 potions of heal wounds {unknown}


   Skills:
 + Level 6.5 Fighting
 + Level 0.8 Short Blades
 + Level 0.8 Long Blades
 + Level 0.8 Axes
 + Level 0.8 Maces & Flails
 + Level 0.8 Polearms
 + Level 0.8 Staves
 + Level 0.8 Ranged Weapons
 + Level 0.8 Throwing
 + Level 0.8 Armour
 + Level 0.8 Dodging
 + Level 4.1 Stealth
 + Level 0.8 Shields
 + Level 2.6 Unarmed Combat
 + Level 7.1 Spellcasting
 + Level 0.5 Conjurations
 + Level 0.5 Hexes
 + Level 0.5 Summonings
 + Level 0.5 Necromancy
 + Level 0.5 Translocations
 + Level 0.5 Transmutations
 + Level 0.5 Fire Magic
 + Level 0.5 Ice Magic
 + Level 0.5 Air Magic
 + Level 0.5 Earth Magic
 + Level 0.5 Poison Magic
 + Level 1.0 Invocations
 + Level 0.8 Evocations


You had 16 spell levels left.
You didn't know any spells.
Your spell library contained the following spells:

 Spells                   Type           Power      Damage    Failure   Level
 Apportation              Tloc           14%        N/A       14%         1
 Beastly Appendage        Tmut           14%        N/A       14%         1
 Freeze                   Ice            28%        1d5       14%         1
 Kiss of Death            Conj/Necr      28%        2d7       14%         1
 Necrotise                Necr           28%        1d5       14%         1
 Slow                     Hex            28%        N/A       14%         1
 Confusing Touch          Hex            7%         N/A       38%         3
 Dispel Undead            Necr           7%         3d8       80%         4
 Alistair's Intoxication  Tmut/Pois      4%         N/A       98%         5


Dungeon Overview and Level Annotations

Branches:
Dungeon (2/15)

Altars:
The Shining One


Innate Abilities, Weirdness & Mutations

You have very sharp teeth.
Your uncanny sense of smell can sniff out nearby items.
Your experience applies equally to all skills.


Message History

You kill the kobold!
Your Invocations skill increases to level 1!
No target in view!
No target in view!
Things that are here:
a +0 dagger; a kobold corpse
There is a stone staircase leading down here.
A kobold comes into view. It is wielding a +0 whip.
A kobold is nearby!
The kobold misses you.
You hit the kobold.
Your weapon exudes an aura of protection.
You bite the kobold.
The kobold is heavily wounded.
The kobold closely misses you. The kobold hits you but does no damage.
You hit the kobold but do no damage.
The kobold is heavily wounded.
The kobold hits you but does no damage.
You barely miss the kobold. You bite the kobold.
You kill the kobold!
No target in view!
No target in view!
No target in view!
Things that are here:
a +0 whip; a kobold corpse
Found a faded altar of an unknown god.
There is a faded altar of an unknown god here.
This altar belongs to (a) Sif Muna, (b) the Shining One or (c) Zin, but you can't tell which.
Press the corresponding letter to learn more about a god, or press enter to convert or escape to cancel.
The Shining One accepts your prayer! The Shining One welcomes you!
You and your allies can now gain power from killing the unholy and evil.
You can now call upon the Shining One for a divine shield.
Unknown command.
Press < or > to pray at altars.
Saving game... please wait.
Welcome back, McGhostyFace the Gnoll Wanderer.
Game seed: 8008135 (custom seed)
The Shining One says: Lead the forces of light to victory!
Press ? for a list of commands and other information.
Are you sure you want to abandon this character and quit the game? (Confirm with "yes".)

..#######...#
#.. ...##..)#
#.####.##...##
∆
#.##.........#
#.##.#.##...##
∆
#.##.#.###.##
###......# ###
#......###
#.@###........
#..# #..#.....
#..# ......##.
#..# #..#....
#...∆.........
##.. .........
#.# ##......
#.#


There were no monsters in sight!

Vanquished Creatures
  An adder (D:2)
  A bat (D:1)
  3 endoplasms
  2 goblins (D:1)
  3 hobgoblins (D:1)
  4 jackals (D:1)
  A ball python (D:1)
  4 kobolds
  3 rats (D:1)
22 creatures vanquished.

Notes
Turn   | Place    | Note
-------+----------+-------------------------------------------
     0 | D:1      | McGhostyFace the Gnoll Wanderer began the quest for the
                  | Orb.
     0 | D:1      | McGhostyFace set off with the following items: a +0 club, a
                  | +0 cloak, a scroll of fear, a +0 robe, a potion of
                  | attraction; and the following spells available to memorise:
                  | Beastly Appendage, Freeze, Necrotise, Slow.
     0 | D:1      | Reached XP level 1. HP: 23/23 MP: 8/8
   386 | D:1      | Reached XP level 2. HP: 29/29 MP: 10/10
  1288 | D:2      | Reached XP level 3. HP: 35/35 MP: 11/11
  1440 | D:2      | Reached skill level 1 in Invocations
  1477 | D:2      | Found a faded altar of an unknown god.
  1485 | D:2      | Prayed at the altar of an unknown god.
  1485 | D:2      | Became a worshipper of the Shining One
  1485 | D:2      | Reached * piety under the Shining One
  1486 | D:2      | Quit the game

Illustrated notes

Levels and vault maps discovered:
D:1:      moated_graveyard_arrival, layout_loops_corners,
          kennysheep_pointless_box, minmay_strange_pillars,
          minmay_strange_pillars, corexii_item_surrounded_by_moat
D:2:      layout_loops_cross, basic_ecumenical_altar

Skill      XL: |  1  2  3 |
---------------+----------+-----
Invocations    | 1 |  1.0
Fighting       | |  6.5
Short Blades   | |  0.8
Long Blades    | |  0.8
Axes           | |  0.8
Maces & Flails | |  0.8
Polearms       | |  0.8
Staves         | |  0.8
Ranged Weapons | |  0.8
Throwing       | |  0.8
Armour         | |  0.8
Dodging        | |  0.8
Stealth        | |  4.1
Shields        | |  0.8
Unarmed Combat | |  2.6
Spellcasting   | |  7.1
Conjurations   | |  0.5
Hexes          | |  0.5
Summonings     | |  0.5
Necromancy     | |  0.5
Translocations | |  0.5
Transmutations | |  0.5
Fire Magic     | |  0.5
Ice Magic      | |  0.5
Air Magic      | |  0.5
Earth Magic    | |  0.5
Poison Magic   | |  0.5
Evocations     | |  0.8

Action                   || total
-------------------------++-------
Melee: Unarmed           ||    16
       Mace              ||    50
       Bite              ||     8
       Punch             ||     1
 Stab: Sleeping          ||     1
Armor: Leather armour    ||    31
Dodge: Dodged            ||    62

Table legend: (Time is in decaauts)
 A = Elapsed time spent in this place.
 B = Non-inter-level travel time spent in this place.
 C = Inter-level travel time spent in this place.
 D = Time resting spent in this place.
 E = Time spent auto-exploring this place.
 F = Levels seen in this place.
 G = Mean time per level.
                   A        B        C        D        E       F      G
               +--------+--------+--------+--------+--------+-----+--------+
         Total |   1502 |   1458 |     44 |    150 |   1040 |   2 |  751.0 |
       Dungeon |   1502 |   1458 |     44 |    150 |   1040 |   2 |  751.0 |
               +--------+--------+--------+--------+--------+-----+--------+

Top non-repeatable levels by time:
     D:1: 1145 daAuts
     D:2: 356 daAuts
